cohdb
Replays
Latest Replays
All Replays
Popular Replays
Top Player Replays
Match Explorer
How It Works
Community
CoH3 Stats
Reddit
Sign in to upload your games and track your stats! →
Sign in with Steam
Match 43599411
Unlisted
Match 43599411
Overview
Messages
Build Orders
End
Scout Squad
Selects Airborne Battlegroup
Selects Heavy Machine Gun Paradrop
Heavy Machine Gun Paradrop
Construct Barracks
Heavy Machine Gun Paradrop
Riflemen Squad
Riflemen Squad
Infantry Support Center
Construct Weapon Support Center
M3 Armored Personnel Carrier
M3 Armored Personnel Carrier
Engineer Squad
Selects Paratrooper Squad Paradrop
Selects Recon Loiter
Recon Loiter
Grenade Package
Selects Paradrop Reinforcements
Paratrooper Squad Paradrop
Engineer Squad
Recon Loiter
Construct Medical Station
Heavy Machine Gun Paradrop
Advanced Logistics
Recon Loiter
Paratrooper Squad Paradrop
Survival Training
SirVice
Punzler
GhettoSQG
Top Lobster
<Scippio>
RhumsteaK
King Raptor
_Steven_
0
0
Comments
sign in to comment!
No comments posted yet!